 Dungeon Crawl Stone Soup version 0.23.2-1-ga50397a (webtiles) character file.

Game seed: 10704703674632795881

6295 prawnwizard the Magician (level 10, -2/79 HPs)
             Began as a Gnoll Skald on May 10, 2019.
             Was a Believer of Sif Muna.
             Slain by a troll (6 damage)
             ... on level 9 of the Dungeon.
             The game lasted 00:27:29 (10156 turns).

prawnwizard the Magician (Gnoll Skald)             Turns: 10156, Time: 00:27:29

Health: -2/79      AC:  9    Str: 14    XL:     10   Next: 94%
Magic:  14/21      EV: 13    Int: 19    God:    Sif Muna [**....]
Gold:   452        SH:  7    Dex: 14    Spells: 13/24 levels left

rFire    . . .     SeeInvis .   G - +3 long sword (freeze)
rCold    . . .     Gourm    +   w - +2 buckler
rNeg     . . .     Faith    .   f - +0 scale mail
rPois    .         Spirit   .   (no helmet)
rElec    .         Reflect  .   p - +1 cloak
rCorr    .         Harm     .   (no gloves)
MR       .....                  (no boots)
Stlth    ++........             g - amulet of the gourmand
HPRegen  0.23/turn              n - +2 ring of evasion
MPRegen  0.17/turn              u - ring of stealth

@: very slightly contaminated, heavily drained
A: distributed training, fangs 1, strong nose
a: Divine Energy, Renounce Religion


You were on level 9 of the Dungeon.
You worshipped Sif Muna.
Sif Muna was pleased with you.
You were completely stuffed.

You visited 2 branches of the dungeon, and saw 10 of its levels.

You collected 452 gold pieces.

Inventory:

Hand Weapons
 o - a +3 whip of electrocution
 F - a +4 great sword
 G - a +3 long sword of freezing (weapon)
 I - a +2 hand axe of draining
Armour
 a - a +0 chain mail
 b - a +0 leather armour
 f - a +0 scale mail (worn)
 l - a +1 cloak
 p - a +1 cloak (worn)
 w - a +2 buckler (worn)
Jewellery
 g - an amulet of the gourmand (around neck)
 n - a +2 ring of evasion (left hand)
 u - a ring of stealth (right hand)
 y - an uncursed amulet of faith {unknown}
Wands
 c - a wand of iceblast (8)
 B - a wand of scattershot (6)
Scrolls
 h - 4 scrolls of magic mapping
 j - 2 scrolls of remove curse
 k - 4 scrolls of enchant armour
 t - 3 scrolls of identify
 v - 2 scrolls of enchant weapon
 C - 2 scrolls of fog
 D - 2 scrolls of amnesia {unknown}
 H - a scroll of summoning {unknown}
Potions
 e - 2 potions of heal wounds
 i - 3 potions of mutation
 m - 2 potions of cancellation
 q - a potion of curing
 s - a potion of flight {unknown}
 z - a potion of might
 A - a potion of agility {unknown}
 E - a potion of lignification {unknown}
Comestibles
 d - 14 rations


   Skills:
 + Level 7.3(5.0) Fighting
 + Level 5.6(3.4) Short Blades
 + Level 7.3(5.0) Long Blades
 + Level 5.6(3.4) Axes
 + Level 5.6(3.4) Maces & Flails
 + Level 5.6(3.4) Polearms
 + Level 5.6(3.4) Staves
 + Level 5.6(3.4) Slings
 + Level 5.6(3.4) Bows
 + Level 5.6(3.4) Crossbows
 + Level 5.6(3.4) Throwing
 + Level 6.2(4.0) Armour
 + Level 7.3(5.0) Dodging
 + Level 5.6(3.4) Stealth
 + Level 5.6(3.4) Shields
 + Level 5.6(3.4) Unarmed Combat
 + Level 7.6(5.2) Spellcasting
 + Level 4.6(2.5) Conjurations
 + Level 4.6(2.5) Hexes
 + Level 7.3(4.9) Charms
 + Level 4.6(2.5) Summonings
 + Level 4.6(2.5) Necromancy
 + Level 4.6(2.5) Translocations
 + Level 4.6(2.5) Transmutations
 + Level 4.6(2.5) Fire Magic
 + Level 4.6(2.5) Ice Magic
 + Level 4.6(2.5) Air Magic
 + Level 4.6(2.5) Earth Magic
 + Level 4.6(2.5) Poison Magic
 + Level 6.2(3.9) Invocations
 + Level 5.6(3.4) Evocations


You had 13 spell levels left.
You knew the following spells:

 Your Spells              Type           Power        Failure   Level  Hunger
a - Infusion              Chrm           ###.         7%          1    None
b - Song of Slaying       Chrm           ###.....     10%         2    None
c - Shroud of Golubria    Chrm/Tloc      ###.......   17%         2    None
d - Regeneration          Chrm/Necr      ###.......   32%         3    ##.....
e - Spectral Weapon       Hex/Chrm       ###.....     32%         3    ##.....

Your spell library contained the following spells:

 Spells                   Type           Power        Failure   Level  Hunger


Dungeon Overview and Level Annotations

Branches:
Dungeon (9/15)             Temple (1/1) D:4
   Lair: D:8-11         Orc: D:9-12

Altars:
Ashenzari
Cheibriados
Elyvilon
Fedhas
Gozag
Hepliaklqana
Kikubaaqudgha
Makhleb
Nemelex Xobeh
Okawaru
Qazlal
Sif Muna
Trog
Uskayaw
Vehumet
Xom
Yredelemnul
Zin
The Shining One

Shops:
D:6 :

Annotations:
D:8 Harold
D:9 1 runed translucent door, ryzol2's ghost, novice VSAs


Innate Abilities, Weirdness & Mutations

Your experience applies equally to all skills.
You have very sharp teeth.
Your uncanny sense of smell can sniff out nearby items.


Message History

Confirm with . or Enter, or press ? or * to list all spells.
You draw out your weapon's spirit!
The troll bites you! The troll completely misses you. The troll claws you!
Your scale mail prevents you from hitting the troll.
The eye of draining turns its gaze towards you.
Your spectral weapon closely misses the troll.
The troll misses you.
You riposte.
You hit the troll. You freeze the troll.
The troll is lightly wounded.
The troll claws you!
* * * LOW HITPOINT WARNING * * *
The troll barely misses you.
You hit the troll but do no damage.
The troll is lightly wounded.
Your spectral weapon hits the troll!
Your spectral weapon freezes the troll.
The troll closely misses you. The troll claws you.
* * * LOW HITPOINT WARNING * * *
You block the troll's attack. The troll bites you!
* * * LOW HITPOINT WARNING * * *
The troll claws you.
You die...

. .......#..#.. #. #. ..
[......### .>.∆#.
..###.##.....%..........
...#...#............####
...................#....
.....................###
.G..................##⌠#
....(.T(....#......##...
.......@..###.....##..(.
.......##.........#W.!♣.
....... ##........##..!.
.....#####.).......##...
...........).)).....##⌠#
).......#..<.........###
#.(................#....
### #...#....>....## ..
##............# ..


You could see an eye of draining, a troll and a friendly spectral +3 long sword
of freezing.

Vanquished Creatures
  2 two-headed ogres (D:8)
  Pikel (D:4)
  A queen bee (D:8)
  Prince Ribbit (D:9)
  A hippogriff (D:8)
  An orc warrior (D:6)
  3 ice beasts
  A sky beast (D:9)
  2 slaves (D:4)
  A phantom (D:5)
  A black bear (D:9)
  An ogre (D:6)
  6 centaurs
  A big kobold (D:9)
  2 bullfrogs
  2 scorpions
  16 killer bees (D:8)
  13 wights
  A crimson imp (D:6)
  5 hounds
  A jelly (D:9)
  5 orc priests
  10 orc wizards
  A bullfrog skeleton (D:7)
  4 iguanas
  Ijyb (D:3)
  3 worker ants
  Natasha (thrice) (D:3)
  A hound zombie (D:7)
  A worker ant zombie (D:6)
  Robin (D:2)
  7 gnolls
  2 adders
  3 shadow imps
  An adder zombie (D:6)
  4 adder skeletons
  5 worms
  3 dart slugs (D:2)
  4 leopard geckos
  41 orcs
  4 giant cockroaches
  12 goblins
  11 hobgoblins
  6 jackals
  8 kobolds
  6 quokkas
  6 bats
  6 frilled lizards
  2 leopard gecko skeletons
  9 rats
  A spectral orc (D:6)
234 creatures vanquished.

Vanquished Creatures (others)
  5 spectral weapons
5 creatures vanquished.

Grand Total: 239 creatures vanquished

Notes
Turn   | Place    | Note
-------+----------+-------------------------------------------
     0 | D:1      | prawnwizard the Gnoll Skald began the quest for the Orb.
     0 | D:1      | Reached XP level 1. HP: 20/20 MP: 6/6
   246 | D:1      | Reached XP level 2. HP: 26/26 MP: 7/7
   928 | D:2      | Reached XP level 3. HP: 15/31 MP: 9/9
  1109 | D:2      | Reached skill level 5 in Spellcasting
  1418 | D:2      | Noticed Robin
  1437 | D:2      | Killed Robin
  1437 | D:2      | Reached skill level 1 in Invocations
  1450 | D:2      | Reached skill level 1 in Short Blades
  1450 | D:2      | Reached skill level 1 in Axes
  1450 | D:2      | Reached skill level 1 in Maces & Flails
  1450 | D:2      | Reached skill level 1 in Polearms
  1450 | D:2      | Reached skill level 1 in Staves
  1450 | D:2      | Reached skill level 1 in Slings
  1450 | D:2      | Reached skill level 1 in Bows
  1450 | D:2      | Reached skill level 1 in Crossbows
  1450 | D:2      | Reached skill level 1 in Throwing
  1450 | D:2      | Reached skill level 1 in Stealth
  1450 | D:2      | Reached skill level 1 in Shields
  1450 | D:2      | Reached skill level 1 in Unarmed Combat
  1450 | D:2      | Reached skill level 1 in Evocations
  1453 | D:2      | Reached XP level 4. HP: 20/38 MP: 0/11
  1993 | D:2      | Learned a level 2 spell: Song of Slaying
  1996 | D:2      | Learned a level 2 spell: Shroud of Golubria
  2000 | D:2      | Learned a level 3 spell: Regeneration
  2004 | D:2      | Learned a level 3 spell: Spectral Weapon
  2389 | D:3      | Reached skill level 1 in Conjurations
  2389 | D:3      | Reached skill level 1 in Hexes
  2389 | D:3      | Reached skill level 1 in Summonings
  2389 | D:3      | Reached skill level 1 in Necromancy
  2389 | D:3      | Reached skill level 1 in Translocations
  2389 | D:3      | Reached skill level 1 in Transmutations
  2389 | D:3      | Reached skill level 1 in Fire Magic
  2389 | D:3      | Reached skill level 1 in Ice Magic
  2389 | D:3      | Reached skill level 1 in Air Magic
  2389 | D:3      | Reached skill level 1 in Earth Magic
  2389 | D:3      | Reached skill level 1 in Poison Magic
  2389 | D:3      | Reached XP level 5. HP: 25/43 MP: 12/12
  2675 | D:3      | Noticed Natasha
  2684 | D:3      | Killed Natasha
  2822 | D:3      | Noticed Ijyb
  2831 | D:3      | Killed Ijyb
  2963 | D:3      | Reached XP level 6. HP: 45/50 MP: 13/13
  3219 | D:3      | Noticed Natasha
  3226 | D:3      | Reached skill level 5 in Fighting
  3226 | D:3      | Reached skill level 5 in Long Blades
  3226 | D:3      | Reached skill level 5 in Dodging
  3234 | D:3      | Killed Natasha
  3526 | D:3      | Noticed Natasha
  3547 | D:3      | Killed Natasha
  3730 | D:4      | Found a staircase to the Ecumenical Temple.
  3766 | Temple   | Entered the Ecumenical Temple
  4209 | D:4      | Noticed a slave
  4210 | D:4      | Noticed a slave
  4218 | D:4      | Noticed Pikel
  4222 | D:4      | Noticed a slave
  4223 | D:4      | Killed a slave
  4224 | D:4      | Noticed a slave
  4225 | D:4      | Killed a slave
  4230 | D:4      | Killed Pikel
  4230 | D:4      | Reached XP level 7. HP: 19/56 MP: 12/15
  4230 | D:4      | Reached XP level 8. HP: 21/63 MP: 12/16
  4773 | D:5      | Entered Level 5 of the Dungeon
  4796 | D:5      | Found a shattered altar of Ashenzari.
  4809 | D:5      | Found an iron altar of Okawaru.
  5549 | D:6      | Found Gaunits's Book Boutique.
  5840 | D:6      | Found a deep blue altar of Sif Muna.
  5848 | D:6      | Became a worshipper of Sif Muna the Loreminder
  5855 | D:6      | Reached XP level 9. HP: 61/69 MP: 18/18
  6235 | D:6      | Found a white marble altar of Elyvilon.
  6373 | D:6      | Found a basalt altar of Yredelemnul.
  6444 | D:7      | Found a bloodstained altar of Trog.
  6486 | D:7      | Found a shimmering altar of Xom.
  6490 | D:7      | Found a hazy altar of Hepliaklqana.
  6499 | D:7      | Noticed a -3 dagger
  6500 | D:7      | Noticed a +0 dagger
  6501 | D:7      | Found a hide-covered altar of Uskayaw.
  6546 | D:7      | Found a glowing silver altar of Zin.
  7165 | D:8      | Reached skill level 5 in Armour
  7257 | D:8      | Found an ancient bone altar of Kikubaaqudgha.
  7343 | D:8      | HP: 3/70 [poisoned by a killer bee]
  7345 | D:8      | HP: 1/70 [killer bee (1)]
  7370 | D:8      | Reached * piety under Sif Muna
  7371 | D:8      | Noticed a queen bee
  7384 | D:8      | Reached skill level 5 in Invocations
  7391 | D:8      | Killed a queen bee
  7418 | D:8      | Reached XP level 10. HP: 23/77 MP: 17/20
  7711 | D:8      | Noticed a two-headed ogre
  7734 | D:8      | Killed a two-headed ogre
  7734 | D:8      | Reached skill level 5 in Short Blades
  7734 | D:8      | Reached skill level 5 in Axes
  7734 | D:8      | Reached skill level 5 in Maces & Flails
  7734 | D:8      | Reached skill level 5 in Polearms
  7734 | D:8      | Reached skill level 5 in Staves
  7734 | D:8      | Reached skill level 5 in Slings
  7734 | D:8      | Reached skill level 5 in Bows
  7734 | D:8      | Reached skill level 5 in Crossbows
  7734 | D:8      | Reached skill level 5 in Throwing
  7734 | D:8      | Reached skill level 5 in Stealth
  7734 | D:8      | Reached skill level 5 in Shields
  7734 | D:8      | Reached skill level 5 in Unarmed Combat
  7734 | D:8      | Reached skill level 5 in Evocations
  8088 | D:8      | Noticed a two-headed ogre
  8098 | D:8      | Killed a two-headed ogre
  8262 | D:8      | Found a shimmering altar of Xom.
  8506 | D:9      | Noticed Prince Ribbit
  8512 | D:9      | Killed Prince Ribbit
  8624 | D:9      | Found a runed translucent door.
  8625 | D:9      | Noticed ryzol2's ghost (novice VSAs)
  9213 | D:9      | Noticed Harold
  9517 | D:8      | HP: 3/79 [poisoned by a scorpion]
  9524 | D:7      | HP: 3/79 [poisoned by a scorpion]
  9532 | D:7      | HP: 3/79 [poisoned by a scorpion]
  9916 | D:9      | Reached ** piety under Sif Muna
 10156 | D:9      | Slain by a troll

Skill      XL: |  1  2  3  4  5  6  7  8  9 10 |
---------------+-------------------------------+-----
Spellcasting   | 5 6 7 |  7.6
Invocations    | 1 2 3 4 5 6 |  6.2
Short Blades   | 1 2 3 4 5 |  5.6
Axes           | 1 2 3 4 5 |  5.6
Maces & Flails | 1 2 3 4 5 |  5.6
Polearms       | 1 2 3 4 5 |  5.6
Staves         | 1 2 3 4 5 |  5.6
Slings         | 1 2 3 4 5 |  5.6
Bows           | 1 2 3 4 5 |  5.6
Crossbows      | 1 2 3 4 5 |  5.6
Throwing       | 1 2 3 4 5 |  5.6
Stealth        | 1 2 3 4 5 |  5.6
Shields        | 1 2 3 4 5 |  5.6
Unarmed Combat | 1 2 3 4 5 |  5.6
Evocations     | 1 2 3 4 5 |  5.6
Conjurations   | 1 2 3 4 |  4.6
Hexes          | 1 2 3 4 |  4.6
Summonings     | 1 2 3 4 |  4.6
Necromancy     | 1 2 3 4 |  4.6
Translocations | 1 2 3 4 |  4.6
Transmutations | 1 2 3 4 |  4.6
Fire Magic     | 1 2 3 4 |  4.6
Ice Magic      | 1 2 3 4 |  4.6
Air Magic      | 1 2 3 4 |  4.6
Earth Magic    | 1 2 3 4 |  4.6
Poison Magic   | 1 2 3 4 |  4.6
Armour         | 3 4 5 6 |  6.2
Fighting       | 5 6 7 |  7.3
Long Blades    | 5 6 7 |  7.3
Dodging        | 5 6 7 |  7.3
Charms         | 6 7 |  7.3

Action                   |  1- 3 |  4- 6 |  7- 9 | 10-12 || total
-------------------------+-------+-------+-------+-------++-------
Melee: Falchion          |   107 |    64 |       |       ||   171
       Bite              |     9 |    24 |    23 |    22 ||    78
       Whip              |       |   167 |   318 |    50 ||   535
       Punch             |       |       |     2 |       ||     2
       Long sword        |       |       |       |   107 ||   107
 Cast: Infusion          |     2 |       |       |     1 ||     3
       Spectral Weapon   |       |     3 |    10 |     8 ||    21
       Regeneration      |       |       |     2 |     2 ||     4
       Song of Slaying   |       |       |     4 |     3 ||     7
       Shroud of Golubri |       |       |     2 |     4 ||     6
  Use: Scroll            |       |     5 |    10 |     3 ||    18
       Potion            |       |     1 |     5 |       ||     6
 Stab: Sleeping          |     2 |       |     1 |     3 ||     6
       Distracted        |       |     1 |     1 |     2 ||     4
  Eat: Chunk             |     6 |    14 |     8 |    13 ||    41
Armor: Leather armour    |    14 |    48 |       |       ||    62
       Chain mail        |       |     4 |       |       ||     4
       Scale mail        |       |     5 |    65 |    56 ||   126
Dodge: Dodged            |    64 |   237 |   242 |   170 ||   713
Block: Buckler           |       |       |   102 |    74 ||   176
       Rpst.: Falchion   |    24 |    23 |       |       ||    47
       Long sword        |       |       |       |    37 ||    37
